 Dungeon Crawl Stone Soup version 0.26.1-11-gd32895ea62 (webtiles) character file.

Game seed: 15990655780487666248

20889 Sopht the Carver (level 12, -1/78 HPs)
             Began as a Tengu Berserker on July 20, 2021.
             Was an Elder of Trog.
             Slain by a death yak (16 damage)
             ... on level 3 of the Lair of Beasts.
             The game lasted 01:26:32 (12365 turns).

Sopht the Carver (Tengu Berserker)                 Turns: 12365, Time: 01:26:32

Health: -1/78      AC: 14    Str: 23    XL:     12   Next: 84%
Magic:  13/13      EV: 14    Int: 12    God:    Trog [****..]
Gold:   367        SH: 12    Dex: 25    Spells: 11/11 levels left

rFire    + . .     SeeInvis .   K - +6 long sword
rCold    . . .     Faith    .   h - +0 buckler
rNeg     . . .     Spirit   .   f - +0 chain mail
rPois    .         Reflect  +   J - +0 hat {Int+3}
rElec    .         Harm     .   (no cloak)
rCorr    .         Rampage  .   G - +1 pair of gloves {Dex+3}
Will     ++...                  (boots unavailable)
Stlth    ..........             c - amulet "Teuh" {Reflect rF+ Int+2 Dex+2 SH+5}
HPRegen  1.23/turn              q - +4 ring of slaying
MPRegen  0.13/turn              k - +6 ring of dexterity

@: mighty, berserk cooldown, flying quickly and evasively, regenerating
(expiring), slowed, very slow
A: beak, talons 3, able to fly
a: Stop Flying, Renounce Religion, Berserk, Trog's Hand, Brothers in Arms


You were on level 3 of the Lair of Beasts.
You worshipped Trog.
Trog was greatly pleased with you.
You visited 2 branches of the dungeon, and saw 12 of its levels.
You also visited: Sewer and Ossuary.

You collected 764 gold pieces.
You spent 397 gold pieces at shops.

Inventory:

Hand Weapons
 r - a +3 long sword of electrocution
 B - a +1 falchion
 K - a +6 long sword (weapon)
Missiles
 o - 23 poisoned darts
 y - 3 javelins
 A - 9 boomerangs
Armour
 f - a +0 chain mail (worn)
 h - a +0 buckler (worn)
 s - a +0 kite shield
 G - a +1 pair of gloves of dexterity (worn)
 I - a +3 leather armour of fire resistance
 J - a +0 hat of intelligence (worn)
Jewellery
 c - the amulet "Teuh" (around neck) {Reflect rF+ Int+2 Dex+2 SH+5}
   (You found it on level 3 of the Lair of Beasts)

   [amulet of reflection]

   It shields you and reflects attacks.
   It affects your intelligence (+2).
   It affects your dexterity (+2).
   It protects you from fire.
   It affects your SH (+5).
 k - a +6 ring of dexterity (right hand)
 q - a +4 ring of slaying (left hand)
Wands
 e - a wand of random effects (9)
 p - a wand of digging (4)
 z - a wand of flame (3) (quivered)
Scrolls
 b - 3 scrolls of teleportation
 d - a scroll of fear {unknown}
 n - 3 scrolls of remove curse
 v - a scroll of identify
Potions
 a - 3 potions of lignification
 g - 2 potions of mutation {unknown}
 i - 2 potions of might
 j - 2 potions of curing
 l - 3 potions of attraction {unknown}
 m - 2 potions of haste {unknown}
 t - 2 potions of ambrosia {unknown}
 w - 3 potions of resistance
 x - a potion of experience {unknown}
 C - a potion of cancellation {unknown}
 D - a potion of berserk rage {unknown}
 E - 3 potions of invisibility {unknown}
 H - a potion of magic {unknown}


   Skills:
 + Level 10.4 Fighting
 + Level 14.1 Long Blades
 + Level 0.1 Throwing
 + Level 11.3 Armour
 + Level 4.6 Dodging
 + Level 1.3 Stealth
 + Level 6.6 Shields
 + Level 2.4 Evocations


You had 11 spell levels left.
You didn't know any spells.
Your spell library was empty.

Dungeon Overview and Level Annotations

Branches:
Dungeon (8/15)             Temple (0/1) D:4            Lair (4/6) D:8
  Snake (0/4) Lair:3        Sewer (visited)         Ossuary (visited)
  Swamp: Lair:2-4    Shoals: Lair:2-4

Altars:
Dithmenos
Elyvilon
Fedhas
Gozag
Wu Jian
Zin

Shops:
D:7 *[!((

Annotations:
D:4 2 transporters
Lair:1 exclusion: 2 oklob plants


Innate Abilities, Weirdness & Mutations

You have a beak for a mouth.
You have claws for feet.
You can fly continuously.


Message History

You hit the death yak but do no damage. You claw the death yak.
You peck the death yak.
The death yak is lightly wounded.
The death yak gores you but does no damage.
You slash the death yak!
You claw the death yak, but do no damage.
The death yak is moderately wounded.
You block the death yak's attack.
You feel very mighty all of a sudden. The death yak gores you!
* * * LOW HITPOINT WARNING * * *
You slash the death yak! You claw the death yak!
The death yak is severely wounded.
The death yak gores you!
* * * LOW HITPOINT WARNING * * *
Okay, then.
The death yak barely misses you.
You feel the effects of Trog's Hand fading.
The death yak gores you!
You die...

..........# ##..###
.#P###.#.## ##...#
.### #...# ##...>#
## ##...###.#..†##
.# #.....###..#..#
## ##....# ###...#
.# #...## #...## ##
#...## ##..Y# .#
##...# #...@# .#
##..## ##...# ##
#....# #...##
.######..## #....#
...##.<..# #...##
......#..# ##...#
........## #....###
P#.......# ##.....#
##.......#####....##


You could see a death yak.

Vanquished Creatures
  The ghost of Hehehe the Severer, a journeyman DDFi of Makhleb (Lair:1)
  3 hydras
  A boulder beetle (Lair:3)
  A two-headed ogre (D:8)
  2 death yaks (Lair:3)
  A black mamba (Lair:3)
  7 elephants (Lair:3)
  5 cane toads
  3 komodo dragons
  A polar bear (Lair:3)
  Prince Ribbit (D:8)
  A hornet (D:8)
  6 blink frogs (Lair:3)
  2 basilisks (Lair:2)
  2 wraiths (Ossuary)
  A wyvern (Lair:3)
  12 yaks
  3 nagas (Lair:3)
  11 water moccasins
  2 black bears
  2 orc warriors (D:8)
  2 sky beasts
  2 phantoms (D:8)
  Purgy (Sewer)
  3 ogres
  12 wolves
  2 centaurs
  2 big kobolds (D:8)
  13 bullfrogs
  A gnoll sergeant (D:5)
  A water moccasin zombie (D:8)
  4 scorpions
  A howler monkey (D:5)
  7 wights
  2 bullfrog zombies
  2 hounds (D:8)
  6 orc priests
  A jelly (D:7)
  An iguana (D:5)
  Jessica (D:2)
  3 bullfrog skeletons
  A centaur skeleton (D:5)
  11 orc wizards
  6 worker ants
  2 worker ant zombies
  14 gnolls
  A river rat (D:3)
  10 adders
  A shadow imp (D:7)
  A white imp (D:7)
  An ooze (D:3)
  2 adder skeletons (D:4)
  2 worms (D:2)
  3 dart slugs
  6 leopard geckos
  35 orcs
  9 bats
  5 giant cockroaches
  13 goblins
  7 hobgoblins
  5 jackals (D:4)
  9 quokkas
  4 ball pythons
  2 ball python skeletons (Ossuary)
  4 frilled lizards
  A hobgoblin skeleton (Ossuary)
  A hobgoblin zombie (Ossuary)
  21 kobolds
  A kobold zombie (Ossuary)
  A leopard gecko zombie (D:7)
  4 orc zombies (Ossuary)
  13 rats
331 creatures vanquished.

Vanquished Creatures (others)
  61 fungi
  43 plants
104 creatures vanquished.

Grand Total: 435 creatures vanquished

Notes
Turn   | Place    | Note
-------+----------+-------------------------------------------
     0 | D:1      | Sopht the Tengu Berserker began the quest for the Orb.
     0 | D:1      | Reached XP level 1. HP: 14/14 MP: 2/2
   106 | D:1      | Reached XP level 2. HP: 18/19 MP: 3/3
   341 | D:1      | Reached XP level 3. HP: 21/23 MP: 4/4
   374 | D:1      | Reached skill level 4 in Long Blades
   391 | D:1      | Reached ** piety under Trog
   559 | D:2      | Noticed Jessica
   567 | D:2      | Killed Jessica
   568 | D:2      | Reached XP level 4. HP: 28/28 MP: 5/5
   962 | D:2      | Gained mutation: You can fly continuously. [Tengu growth]
   962 | D:2      | Reached XP level 5. HP: 33/33 MP: 6/6
  1100 | D:3      | Reached skill level 5 in Long Blades
  1163 | D:3      | Found a glowing drain.
  1167 | Sewer    | Entered a sewer
  1280 | Sewer    | Noticed Purgy
  1285 | Sewer    | Killed Purgy
  1286 | Sewer    | Reached XP level 6. HP: 38/38 MP: 7/7
  1675 | D:3      | Reached skill level 6 in Long Blades
  1908 | D:4      | Found a staircase to the Ecumenical Temple.
  1960 | D:4      | Reached *** piety under Trog
  2161 | D:4      | Reached XP level 7. HP: 28/44 MP: 8/8
  2260 | D:4      | Found a transporter.
  2373 | D:4      | Found a transporter.
  2377 | D:4      | Noticed a fire bat
  2377 | D:4      | Noticed a fire bat
  2377 | D:4      | Noticed a fire bat
  2429 | D:4      | Found a blossoming altar of Fedhas.
  2806 | D:4      | Reached skill level 1 in Shields
  3172 | D:5      | Entered Level 5 of the Dungeon
  3193 | D:5      | Reached skill level 5 in Fighting
  3213 | D:5      | Reached skill level 7 in Long Blades
  3213 | D:5      | Reached skill level 5 in Armour
  3213 | D:5      | Reached XP level 8. HP: 49/49 MP: 9/9
  3241 | D:5      | Found a white marble altar of Elyvilon.
  3959 | D:5      | Reached skill level 8 in Long Blades
  4854 | D:6      | Found an ornate altar of the Wu Jian Council.
  4860 | D:6      | Noticed a spectral centipede
  4860 | D:6      | Noticed a spectral black mamba
  5054 | D:6      | Found a shadowy altar of Dithmenos.
  5551 | D:7      | Found Woeh's Antique Weapon Emporium.
  5566 | D:7      | Reached **** piety under Trog
  5589 | D:7      | Found Sirid's Weapon Boutique.
  5667 | D:7      | Found Ziat's Distillery.
  5705 | D:7      | Reached skill level 9 in Long Blades
  5705 | D:7      | Reached XP level 9. HP: 55/55 MP: 10/10
  5945 | D:7      | Found Zezir's Assorted Antiques.
  6015 | D:7      | Reached skill level 10 in Long Blades
  6107 | D:7      | Found Topoboo's Armour Boutique.
  6130 | D:7      | Bought a +0 scale mail for 60 gold pieces
  6130 | D:7      | Bought a +0 pair of gloves of dexterity for 172 gold pieces
  6439 | D:8      | Found a staircase to the Lair.
  6551 | D:8      | Found a sand-covered staircase.
  6564 | Ossuary  | Entered an ossuary
  6805 | Ossuary  | Reached skill level 11 in Long Blades
  7072 | Ossuary  | Reached XP level 10. HP: 53/61 MP: 11/11
  7186 | D:8      | Reached skill level 1 in Stealth
  7234 | D:8      | Noticed a two-headed ogre
  7241 | D:8      | Killed a two-headed ogre
  7267 | D:8      | Reached skill level 12 in Long Blades
  7806 | D:8      | Found a shadowy altar of Dithmenos.
  7806 | D:8      | Found a glowing silver altar of Zin.
  7814 | D:8      | Found a faded altar of an unknown god.
  7817 | D:8      | Found an opulent altar of Gozag.
  7819 | D:8      | Found a faded altar of an unknown god.
  7969 | D:8      | Noticed Prince Ribbit
  7973 | D:8      | Killed Prince Ribbit
  8571 | D:7      | Bought a +0 hat of intelligence for 165 gold pieces
  8618 | Lair:1   | Entered Level 1 of the Lair of Beasts
  8625 | Lair:1   | Noticed a cane toad
  8632 | Lair:1   | Killed a cane toad
  8844 | Lair:1   | Reached XP level 11. HP: 68/68 MP: 12/12
  9042 | Lair:1   | Found a dark tunnel.
  9128 | Lair:1   | Found a runed translucent gate.
  9128 | Lair:1   | Found a runed translucent gate.
  9129 | Lair:1   | Found a runed translucent gate.
  9129 | Lair:1   | Noticed an 11-headed hydra
  9129 | Lair:1   | Noticed Hehehe's ghost (journeyman DDFi)
  9537 | Lair:1   | Reached skill level 13 in Long Blades
  9642 | Lair:1   | Noticed an oklob plant
  9685 | Lair:1   | Noticed an oklob plant
  9819 | Lair:1   | Killed a 13-headed hydra
  9824 | Lair:1   | Killed Hehehe's ghost
  9825 | Lair:1   | Reached skill level 1 in Evocations
  9923 | Lair:2   | Noticed an eight-headed hydra
  9939 | Lair:2   | Killed a 12-headed hydra
 10083 | Lair:2   | Reached skill level 10 in Armour
 11007 | Lair:3   | Found a staircase to the Snake Pit.
 11034 | Lair:3   | Reached XP level 12. HP: 54/76 MP: 13/13
 11047 | Lair:3   | Reached skill level 5 in Shields
 11284 | Lair:3   | Noticed a boulder beetle
 11293 | Lair:3   | Killed a boulder beetle
 11329 | Lair:3   | Reached skill level 10 in Fighting
 11332 | Lair:3   | Got a steaming crystal amulet
 11335 | Lair:3   | Identified the amulet "Teuh" {Reflect rF+ Int+2 Dex+2 SH+5}
                  | (You found it on level 3 of the Lair of Beasts)
 11646 | Lair:3   | Noticed an eight-headed hydra
 11653 | Lair:3   | Killed an 11-headed hydra
 11977 | Lair:3   | Reached skill level 14 in Long Blades
 12342 | Lair:4   | Noticed a death yak
 12342 | Lair:4   | Noticed a death yak
 12342 | Lair:4   | Noticed a death yak
 12342 | Lair:4   | Noticed a death yak
 12342 | Lair:4   | Noticed a death yak
 12351 | Lair:3   | Killed a death yak
 12353 | Lair:3   | Killed a death yak
 12365 | Lair:3   | Slain by a death yak

Illustrated notes

Levels and vault maps discovered:
D:1:      sevenhm_arrival_forest_fort_small_6, layout_basic,
          minmay_misc_feat_pillars, chequers_serial_rivers_micro_d
D:2:      layout_rooms, uniq_jessica
D:3:      layout_rooms, gup_sewer_entry_bowl
D:4:      gammafunk_cloud_chamber, layout_loops_corners,
          nicolae_overflow_crystal_walls, minmay_temple_entry_waves
D:5:      layout_basic, overflow_temple_1_default
D:6:      layout_loops_cross, pdpol_wu_jian_five_deadly_venoms,
          nrook_mini_backslash, nicolae_dithmenos_the_darkroom
D:7:      layout_loops_ring, serial_shops,
          nicolae_shop_temple_entry_statues_fountains, shop,
          kennysheep_little_box, kennysheep_mini_moat, nicolae_shop_statue_plus
D:8:      layout_gridville, chequers_temple_overflow_minitemple,
          due_lair_maze_entry_diamond, nicolae_ossuary_entry_monument,
          uniq_prince_ribbit1
Lair:1:   layout_gridlike, lightli_volcano_entry_magma_tube,
          gammafunk_ghost_hydra_chop, infiniplex_staircase_pool_2,
          minmay_lair_oklob_chamber
Lair:2:   layout_small_grid
Lair:3:   layout_concentric_octagons, guppyfry_snake_entry_island
Lair:4:   layout_loops_ring, swamp_mist

Skill      XL: |  1  2  3  4  5  6  7  8  9 10 11 12 |
---------------+-------------------------------------+-----
Long Blades    | 4 5 6 7 9 11 12 13 14 | 14.1
Fighting       | 4 5 6 7 9 10 | 10.4
Armour         | 3 5 6 7 8 10 11 | 11.3
Shields        | 1 2 3 4 6 |  6.6
Dodging        | 3 4 |  4.6
Stealth        | 1 |  1.3
Evocations     | 2 |  2.4
Throwing       | |  0.1

Action                   |  1- 3 |  4- 6 |  7- 9 | 10-12 || total
-------------------------+-------+-------+-------+-------++-------
Melee: Falchion          |    55 |   137 |   246 |   232 ||   670
       Kick              |    13 |    38 |   103 |   183 ||   337
       Peck              |    10 |    27 |    46 |   111 ||   194
       Long sword        |       |       |       |   112 ||   112
Throw: Dart              |       |       |     2 |       ||     2
Invok: Trog's Hand       |     1 |     2 |     7 |    16 ||    26
       Berserk           |     1 |     1 |     7 |    15 ||    24
 Abil: Fly               |       |     1 |       |       ||     1
Evoke: Wand              |       |       |       |    14 ||    14
  Use: Scroll            |       |     7 |     7 |    10 ||    24
       Potion            |       |       |       |    11 ||    11
Armor: Animal skin       |     7 |       |       |       ||     7
       Chain mail        |    23 |    59 |    69 |   123 ||   274
Dodge: Dodged            |    28 |    55 |    79 |   148 ||   310
Block: Buckler           |       |    21 |    36 |    85 ||   142
       Rpst.: Falchion   |     9 |    10 |    22 |    26 ||    67
       Long sword        |       |       |       |    10 ||    10
